Map: Lerilak Crest

Players

True - Winner!

  • Race: Zerg Zerg

Neeb

  • Race: Protoss Protoss
  • League: Grandmaster

VOD

Have the link to the VOD?

Description

Time

  • Played on: Dec. 14, 2015, 4:42 p.m.
  • Length: 10:54
Show
View Real Time Build Order
Export as new Build Order

True Zerg - Winner!

Build Orders: 3 Hatch before Pool 

Get SALT Encoding   

  12  0:01  Drone  
  13  0:12  Overlord  
  13  0:16  Drone  
  14  0:30  Drone x2  
  14  0:34  Drone  
  17  0:53  Hatchery  
  17  0:56  Drone  
  17  0:59  Drone  
  18  1:21  Hatchery  
  18  1:24  Drone  
  18  1:37  Spawning Pool  
  17  1:40  Drone  
  17  1:44  Drone  
  19  1:49  Drone  
  19  1:52  Drone  
  21  2:01  Extractor  
  21  2:03  Drone  
  21  2:05  Drone  
  22  2:13  Drone  
  23  2:15  Drone  
  24  2:24  Queen  
  24  2:25  Queen  
  28  2:31  Overlord  
  28  2:33  Drone  
  28  2:35  Drone  
  30  2:38  Drone  
  30  2:40  Drone  
  32  2:47  Queen  
  35  2:51  Zergling x2  
  35  2:53  Zergling x2  
  35  2:55  Drone  
  35  2:57  Drone  
  37  3:15  Drone  
  37  3:16  Drone x3  
  37  3:17  Drone  
  37  3:18  Overlord  
  42  3:21  Overlord  
  42  3:28  Overlord  
  42  3:33  Overlord  
  42  3:34  Overlord  
  42  3:39  Drone x5  
  42  3:40  Drone  
  48  3:41  Drone x2  
  50  3:48  Lair  
  50  3:50  Overlord  
  50  3:56  Extractor  
  50  3:57  Extractor  
  50  3:58  Spore Crawler  
  50  4:01  Spore Crawler  
  46  4:17  Drone x10, Extractor  
  46  4:18  Drone  
  56  4:25  Overlord  
  56  4:26  Metabolic Boost, Queen  
  58  4:36  Drone x3  
  58  4:38  Drone x2  
  63  4:40  Drone x2  
  65  4:48  Spire  
  65  4:50  Zergling x6  
  65  4:52  Zergling x4  
  66  4:54  Zergling x2  
  66  4:56  Zergling x2  
  66  4:59  Zergling x2  
  69  5:01  Zergling x2  
  69  5:02  Zergling x2  
  69  5:05  Zergling x4  
  70  5:24  Overlord  
  70  5:25  Drone x7  
  70  5:27  Drone, Overseer  
  78  5:29  Drone  
  78  5:34  Drone x2  
  81  5:36  Drone  
  81  5:38  Extractor  
  81  5:40  Extractor  
  80  5:50  Drone x4  
  80  5:54  Hatchery  
  83  6:00  Mutalisk x2  
  83  6:01  Mutalisk x3  
  83  6:02  Mutalisk  
  95  6:04  Mutalisk  
  95  6:07  Mutalisk  
  99  6:13  Overlord  
  99  6:17  Overlord  
  97  6:19  Mutalisk  
  97  6:22  Mutalisk  
  101  6:29  Mutalisk  
  102  6:37  Zergling x20  
  112  6:41  Mutalisk  
  112  6:45  Mutalisk  
  116  6:48  Overlord  
  116  6:52  Overlord, Mutalisk  
  118  6:55  Overlord x2  
  118  6:57  Overlord  
  118  6:59  Mutalisk  
  118  7:04  Mutalisk  
  119  7:10  Mutalisk  
  118  7:16  Mutalisk  
  118  7:22  Mutalisk  
  113  7:29  Zergling x2  
  111  7:30  Zergling x20  
  111  7:35  Mutalisk  
  111  7:37  Mutalisk  
  121  7:42  Mutalisk  
  121  7:43  Zergling x2  
  121  7:44  Zergling x4  
  128  7:47  Mutalisk  
  130  7:54  Mutalisk  
  132  7:59  Mutalisk  
  134  8:07  Mutalisk  
  134  8:10  Zergling x2  
  134  8:11  Zergling x24  
  141  8:16  Mutalisk  
  141  8:17  Mutalisk  
  140  8:24  Mutalisk  
  139  8:27  Drone  
  139  8:28  Drone x2, Queen  
  139  8:31  Mutalisk  
  144  8:36  Zergling x2  
  144  8:38  Zergling x2  
  146  8:42  Mutalisk, Extractor  
  146  8:43  Extractor  
  146  8:51  Mutalisk x2  
  150  8:56  Mutalisk  
  150  9:01  Hatchery  
  151  9:03  Overlord x4, Zergling x2  
  151  9:06  Overlord  
  150  9:24  Mutalisk x4  
  150  9:28  Drone x6  
  164  9:33  Overseer  
  164  9:37  Mutalisk  
  164  9:38  Zergling x20  
  175  9:41  Overlord  
  175  9:43  Overlord  
  174  9:47  Mutalisk  
  174  9:49  Overlord  
  174  9:51  Overlord, Pneumatized Carapace  
  174  9:55  Mutalisk x2  
  174  9:57  Mutalisk  
  173  10:00  Overlord  
  173  10:03  Mutalisk  
  156  10:07  Mutalisk  
  130  10:23  Mutalisk  
  130  10:24  Mutalisk  
  121  10:29  Zergling x20  
  125  10:37  Drone  
  125  10:38  Extractor  
Show
View Real Time Build Order
Export as new Build Order

Neeb Protoss 

Build Orders: 1 Gate Expand 

Get SALT Encoding   

  12  0:01  Probe (Chrono Boost)  
  13  0:11  Probe (Chrono Boost)  
  14  0:17  Pylon  
  14  0:22  Probe (Chrono Boost)  
  15  0:35  Probe (Chrono Boost)  
  16  0:39  Gateway  
  16  0:45  Probe (Chrono Boost)  
  17  0:56  Probe (Chrono Boost)  
  18  1:07  Probe (Chrono Boost)  
  19  1:13  Nexus  
  19  1:18  Probe (Chrono Boost)  
  20  1:26  Cybernetics Core  
  20  1:30  Probe (Chrono Boost)  
  21  1:34  Assimilator  
  21  1:40  Probe (Chrono Boost)  
  21  1:43  Assimilator  
  22  1:51  Pylon  
  22  1:52  Probe (Chrono Boost)  
  23  2:09  Probe (Chrono Boost), Adept (Chrono Boost)  
  26  2:16  Warp Gate  
  26  2:21  Probe (Chrono Boost)  
  27  2:25  Probe (Chrono Boost)  
  28  2:33  Stalker, Probe (Chrono Boost)  
  28  2:36  Probe (Chrono Boost)  
  32  2:40  Pylon  
  33  2:44  Probe (Chrono Boost)  
  33  2:47  Probe (Chrono Boost)  
  34  2:51  Robotics Facility  
  34  2:54  Probe (Chrono Boost)  
  34  2:57  Probe (Chrono Boost)  
  36  3:03  Adept  
  36  3:05  Probe (Chrono Boost)  
  39  3:08  Probe (Chrono Boost)  
  40  3:16  Probe (Chrono Boost)  
  40  3:18  Probe (Chrono Boost)  
  42  3:26  Probe (Chrono Boost)  
  43  3:27  Assimilator  
  43  3:29  Probe (Chrono Boost)  
  43  3:30  Adept  
  43  3:31  Assimilator  
  46  3:36  Probe (Chrono Boost)  
  46  3:37  Warp Prism (Chrono Boost)  
  49  3:41  Robotics Bay  
  49  3:42  Probe  
  50  3:48  Probe  
  50  3:52  Probe  
  50  3:53  Pylon  
  52  4:00  Probe  
  53  4:03  Probe  
  54  4:11  Observer (Chrono Boost)  
  54  4:12  Probe  
  54  4:13  Probe, Pylon  
  57  4:25  Probe x2, Disruptor (Chrono Boost)  
  57  4:29  Gravitic Drive (Chrono Boost)  
  62  4:33  Pylon x2  
  62  4:35  Twilight Council  
  62  4:38  Adept, Forge  
  64  4:40  Probe  
  64  4:42  Probe  
  66  4:46  Pylon  
  66  4:57  Disruptor  
  66  5:03  Nexus, Protoss Ground Weapons Level 1  
  66  5:05  Probe  
  66  5:06  Probe  
  71  5:18  Blink (Chrono Boost)  
  71  5:20  Sentry  
  74  5:24  Gateway  
  74  5:27  Gateway  
  74  5:28  Probe, Gateway  
  74  5:30  Probe  
  75  5:40  Probe  
  75  5:42  Gateway x2  
  76  5:44  Probe  
  76  5:48  Gateway  
  77  5:50  Gateway  
  77  5:52  Probe  
  77  5:56  Probe  
  79  6:01  Pylon  
  79  6:04  Probe  
  80  6:12  Probe  
  80  6:14  Stalker  
  80  6:16  Probe  
  84  6:19  Mothership Core  
  84  6:23  Stalker x3  
  92  6:35  Photon Cannon x2  
  92  6:42  Stalker x3  
  92  6:46  Stalker x2  
  102  6:48  Stalker  
  104  7:01  Adept  
  104  7:08  Probe  
  106  7:13  Stalker x5  
  109  7:23  Adept  
  109  7:24  Adept x2  
  109  7:27  Probe  
  116  7:45  Pylon  
  116  7:46  Pylon  
  115  7:58  Probe, Pylon  
  112  7:59  Pylon x2  
  112  8:00  Pylon  
  110  8:05  Probe  
  110  8:06  Stalker  
  110  8:07  Stalker x5  
  110  8:08  Probe  
  92  8:20  Probe  
  87  8:30  Stalker x4  
  95  8:35  Probe x2  
  95  8:37  Probe  
  98  8:47  Probe  
  99  8:56  Sentry  
  99  8:57  Sentry  
  103  9:15  Stalker x4  
  108  9:25  Pylon  
  108  9:33  Adept x3  
  108  9:34  Adept  
  114  9:46  Stalker x4  
  114  9:56  Stalker x3  
  120  10:03  Stalker  
  122  10:13  Stalker x2  
Tags
 
Add a new tag
Caveats
  • Supply blocks, unpowered buildings, or Contaminate may cause inaccurate times.
  • Supply counts are checked every 10 seconds.